Heidi, neutral female human Archeologist -- --- --- ---.--.-- |..-- |.......| .... |...<- |...- --- |..--- |....--.-- |..| -- | ----.%Gh.----- |..-- |.............*...| |.^.------- --.. -------).@h.---|.................| -- -----...|--.....----- ---.--|)--.-- |...|.| -- --..|.| --....| -.....- |..........| -- --.--...| -- ----- Heidi the Digger Experience level: 2 Strength: 14 Dexterity: 12 Constitution: 10 Intelligence: 16 Wisdom: 16 Charisma: 9 Health: 0(17) Energy: 7(7) Def: 1 Gold: 244 Moves: 868 Dungeon seed: l2zezV585lmIFh-r Game ID: Heidi_1545246583 Your Inventory: Coins $ - 244 gold pieces Weapons a - an uncursed +2 bullwhip (weapon in hand) h - 6 uncursed +0 thirsty arrows l - an uncursed +0 orcish dagger t - an uncursed +0 dagger Armor e - a blessed +0 leather jacket (being worn) n - an uncursed +0 fedora (being worn) y - an uncursed +0 pair of iron shoes Comestibles b - 4 uncursed food rations u - an uncursed partly eaten food ration Scrolls j - 2 uncursed scrolls of identify Spellbooks p - an uncursed spellbook of charm monster Potions i - an uncursed potion of gain energy k - a blessed potion of healing m - an uncursed potion of object detection o - a cursed potion of sleeping Tools c - an uncursed oil lamp (0:1426) d - an uncursed +0 pick-axe (alternate weapon; not wielded) f - an uncursed tinning kit (0:78) g - an uncursed sack s - a blessed tallow candle (0:200) Gems q - an uncursed touchstone r - an uncursed worthless piece of blue glass Spells and supernatural/magical abilities: Name Level Category Cost Memory W - pray for help -- divine ? -- Your skills at the end: Fighting Skills wands [Basic] Weapon Skills pick-axe [Basic] whip [Basic] Spellcasting Skills Final Attributes: You were devoutly aligned. You were stealthy. You were fast. Camaxtli was noncommittal. You are dead. Vanquished creatures: a dwarf a gnome 6 jackals a kobold a goblin a sewer rat 3 lichens 3 newts 17 creatures vanquished. Voluntary challenges: You were an atheist. You used a wielded weapon 23 times, starting on turn 248. You were illiterate. You never genocided any monsters. You never polymorphed an object. You never changed form. You used no wishes. You never split a pudding. You never wrote Elbereth's name. You never violated your personal moral code. Dungeon overview: The Dungeons of Doom: levels 1 to 2 Level 1 a long staircase Level 2 stairs to The Gnomish Mines The Gnomish Mines: Level 3 <- You were here stairs to The Dungeons of Doom History has recorded: On T:1 you entered the Dungeons of Doom to retrieve the Amulet of Yendor! On T:446 you reached level 2 of The Dungeons of Doom. On T:739 you advanced to experience level 2. On T:812 you reached level 1 of The Gnomish Mines. Score breakdown: Gold: 244 ( 8127 points) Experience: 2 levels ( 5570 points) Exploration: 3 levels ( 6.52%) ( 6324 points) Discoveries: 1 item ( 0.33%) ( 1726 points) Valuables value: (no points given unless you survive) Artifact value: 0 ( 0 points) Variety of kills: 8 monsters ( 2.11%) ( 4352 points) Turncount: 868 turns ( 0 points) Survival: died (score multiplied by 80%) Total score: 20879 Latest messages: y - a pair of hard shoes. The gnome lady wields a cursed dagger! The daggers weld themselves to the gnome lady's hand! You hit the gnome lady. You miss the gnome lady. The gnome lady thrusts her dagger at you. The gnome lady hits! You hit the gnome lady. (2x) The gnome lady turns to flee! The dwarf hurls an orange potion! The flask crashes on your head and breaks into shards. It suddenly gets dark. A cloud of darkness falls upon you. It must be a potion of blindness. Wait! There's something there you can't see! You miss it. You attack thin air. You are hit! You can see again. The dwarf hits! That satiated your stomach! You stop eating. You hit the dwarf. (2x) The dwarf hits! You die... Final status: Goodbye Heidi the Archeologist, killed by a dwarf... You died in The Gnomish Mines on dungeon level 3 with 20879 points, and 244 pieces of gold, after 868 moves. You were level 2 with a maximum of 17 hit points when you died.